 Dungeon Crawl Stone Soup version 0.19.0 (webtiles) character file.

497 AlphabetPasta the Slasher (level 7, -2/41 HPs)
             Began as a Tengu Skald on Nov 7, 2016.
             Slain by a gnoll
             ... wielding a +0 whip
              (8 damage)
             ... on level 2 of the Dungeon.
             The game lasted 00:20:51 (4696 turns).

AlphabetPasta the Slasher (Tengu Skald)             Turns: 4696, Time: 00:20:51

Health: -2/41      AC:  3    Str: 14    XL:     7   Next: 16%
Magic:  11/12      EV: 12    Int: 13    God:
Gold:   166        SH:  4    Dex: 13    Spells: 3 memorised, 6 levels left

rFire  . . .     SeeInvis .     a - +0 falchion
rCold  + . .     Gourm    .     s - +0 leather armour {rC+}
rNeg   . . .     Faith    .     f - +0 buckler
rPois  .         Spirit   .     (helmet restricted)
rElec  .         Reflect  .     (no cloak)
rCorr  .         Harm     .     (no gloves)
MR     .....                    (boots unavailable)
Stlth  +.........               (no amulet)
                                (no ring)
                                (no ring)

@: infused
A: beak, talons 3, able to fly 1
a: Fly


You were on level 2 of the Dungeon.
You were not hungry.

You visited 1 branch of the dungeon, and saw 3 of its levels.
You also visited: Sewer.

You collected 166 gold pieces.

Inventory:

Hand Weapons
 a - a +0 falchion (weapon)
Armour
 b - a +0 leather armour
 f - a +0 buckler (worn)
 s - a +0 leather armour of cold resistance (worn)
Jewellery
 p - a cursed ring of loudness {unknown}
 q - a cursed ring of loudness {unknown}
 r - an uncursed amulet of magic regeneration {unknown}
Wands
 k - a wand of paralysis (5/24)
Scrolls
 j - a scroll of amnesia
 o - 2 scrolls of teleportation
Potions
 h - 3 potions of flight
 m - a potion of invisibility {unknown}
Books
 c - a book of Battle

   Spells                             Type                      Level
   a - Infusion                       Charms                       1
   b - Shroud of Golubria             Charms/Translocation         2
   c - Song of Slaying                Charms                       2
   d - Spectral Weapon                Hexes/Charms                 3
   e - Regeneration                   Charms/Necromancy            3
Comestibles
 d - 3 bread rations
 g - 2 meat rations
 i - 7 chunks of flesh
 l - a fruit
 n - 2 beef jerkies


   Skills:
 + Level 3.1 Fighting
 * Level 4.5 Long Blades
 + Level 2.6 Armour
 + Level 2.2 Dodging
 * Level 3.0 Shields
 + Level 2.9 Spellcasting
 + Level 3.2 Charms


You had 6 spell levels left.
You knew the following spells:

 Your Spells              Type           Power        Failure   Level  Hunger
a - Infusion              Chrm           ##..         12%         1    #......
b - Song of Slaying       Chrm           ##......     17%         2    ###....
c - Shroud of Golubria    Chrm/Tloc      #.........   30%         2    ###....


Dungeon Overview and Level Annotations

Branches:
Dungeon (3/15)

Altars:
Fedhas
Hepliaklqana
Kikubaaqudgha
Qazlal
Yredelemnul
Zin


Innate Abilities, Weirdness & Mutations

You have a beak for a mouth.
You have claws for feet.
You can fly.


Message History

The gnoll hits you but does no damage.
You hit the gnoll.
The gnoll is heavily wounded.
The gnoll barely misses you. The gnoll hits you with a whip!
The gnoll closely misses you. You block the gnoll's attack.
The gnoll hits you with a whip. The gnoll hits you but does no damage.
There is a stone staircase leading up, spattered with blood here.
You block the gnoll's attack. The gnoll hits you with a spear!
* * * LOW HITPOINT WARNING * * *
You climb upwards.
There is a stone staircase leading down here.
Unknown command.
You feel better. The gnoll closely misses you.
The gnoll hits you but does no damage. The gnoll hits you with a whip!
* * * LOW HITPOINT WARNING * * *
The gnoll hits you but does no damage.
You see here a short sword.
The gnoll hits you with a whip!
You die...

#.# #.##.# #.# #.#
#.####.##.### #.# #.#
#......<..).# #.# #.#
######.##.#.#####.# #.#
#..............##.###.#
#.####................#
#.#
###.<.....#...#######
#.#
#...................#
#.#
#.#.......#@..#####.#
#.# #######....#)g##
#.# #.####_####....#>##
#.# #.##8...8#######g#
#.# #.##.....#######.##
#.# #.#8.....8#.......#
#.# ####.....##.#####.#
#.# #8...8##.##....#
#.# ##.....##.##.####
#.#


You could see 2 gnolls.

Vanquished Creatures
  Sigmund (D:2)
  A big kobold (Sewer)
  A gnoll shaman (D:3)
  10 gnolls
  2 river rats
  An adder (D:3)
  A dart slug (D:2)
  4 worms
  4 leopard geckos
  An orc (D:3)
  3 ball pythons (D:3)
  9 giant cockroaches
  7 goblins
  7 hobgoblins
  17 jackals
  12 kobolds
  6 bats
  13 rats
  2 rat zombies (D:2)
102 creatures vanquished.

Notes
Turn   | Place    | Note
-------+----------+-------------------------------------------
     0 | D:1      | AlphabetPasta the Tengu Skald began the quest for the Orb.
     0 | D:1      | Reached XP level 1. HP: 12/12 MP: 4/4
   468 | D:1      | Reached XP level 2. HP: 17/17 MP: 6/6
   492 | D:1      | Learned a level 2 spell: Song of Slaying
   495 | D:1      | Learned a level 2 spell: Shroud of Golubria
  1145 | D:2      | Learned a level 2 spell: Shroud of Golubria
  1150 | D:2      | Found a stormy altar of Qazlal.
  1283 | D:2      | Reached XP level 3. HP: 11/21 MP: 7/7
  1516 | D:2      | Noticed Sigmund
  1527 | D:2      | Killed Sigmund
  1527 | D:2      | Reached skill level 3 in Long Blades
  1527 | D:2      | Reached XP level 4. HP: 14/27 MP: 1/8
  1527 | D:2      | Gained mutation: You can fly. [Tengu growth]
  1527 | D:2      | Reached XP level 5. HP: 16/31 MP: 1/9
  1724 | D:2      | Found a blossoming altar of Fedhas.
  1758 | D:2      | Found a glowing silver altar of Zin.
  1796 | D:2      | Found a basalt altar of Yredelemnul.
  1821 | D:2      | Found a hazy altar of Hepliaklqana.
  2161 | D:2      | Found an ancient bone altar of Kikubaaqudgha.
  2559 | D:3      | Reached XP level 6. HP: 25/36 MP: 8/10
  2628 | D:3      | Reached skill level 4 in Long Blades
  2640 | D:3      | Found a glowing drain.
  2658 | Sewer    | Entered a sewer
  2946 | Sewer    | Found a white marble altar of Elyvilon.
  4028 | D:2      | Reached XP level 7. HP: 14/41 MP: 8/12
  4696 | D:2      | Slain by a gnoll

Skill      XL: |  1  2  3  4  5  6  7 |
---------------+----------------------+-----
Long Blades    | 3 4 |  4.5
Armour         | 2 |  2.6
Dodging        | 2 |  2.2
Shields        | 2 3 |  3.0
Charms         | 3 |  3.2
Fighting       | 3 |  3.1
Spellcasting   | |  2.9

Action                   |  1- 3 |  4- 6 |  7- 9 || total
-------------------------+-------+-------+-------++-------
Melee: Falchion          |    48 |   207 |    34 ||   289
       Kick              |    13 |    61 |    11 ||    85
       Peck              |     7 |    44 |     5 ||    56
 Cast: Infusion          |     4 |    20 |     3 ||    27
       Song of Slaying   |       |     2 |       ||     2
 Abil: Fly               |       |     3 |       ||     3
Evoke: Wand              |       |     3 |       ||     3
  Use: Scroll            |     5 |     3 |       ||     8
       Potion            |     1 |     3 |     1 ||     5
 Stab: Sleeping          |       |     1 |       ||     1
       Paralysed         |       |     7 |       ||     7
  Eat: Chunk             |     2 |     7 |     2 ||    11
       Fruit             |       |     1 |       ||     1
       Pizza             |       |     1 |       ||     1
Armor: Leather armour    |     5 |    49 |     4 ||    58
Dodge: Dodged            |    27 |   133 |    26 ||   186
Block: Buckler           |     1 |    45 |     5 ||    51
       Rpst.: Falchion   |     9 |    42 |     5 ||    56
